NCAA
IOWA STATE CYCLONES @ ALABAMA CRIMSON TIDE
05/08/2027
 
TOP OF THE 1ST
Iowa State Cyclones batting - Pitching for Alabama Crimson Tide : RHP Hubert Chilcott
Pitching: RHP Hubert Chilcott
Batting: RHB Pedro Rivera 0-0: Ball
1-0: Foul Ball, location: 2F
1-1: Called Strike
1-2: Ball
2-2: Ball
3-2: Foul Ball, location: 2F
3-2: Strikes out looking
Batting: RHB Robert Snyder 0-0: Called Strike
0-1: Foul Ball, location: 2F
0-2: Fly out, F6 (Popup, 56D)
Batting: LHB Mike O'Bryan 0-0: Fly out, F3 (Popup, 3D)
Top of the 1st over - 0 run(s), 0 hit(s), 0 error(s), 0 left on base; Iowa State 0 - Alabama 0
BOTTOM OF THE 1ST
Alabama Crimson Tide batting - Pitching for Iowa State Cyclones : RHP Tim Hooper
Pitching: RHP Tim Hooper
Batting: RHB William Robinson 0-0: Ball
1-0: SINGLE (Flyball, 89M)
Batting: RHB Kyle McIntyre 0-0: Fly out, F9 (Line Drive, 89M)
Batting: SHB Jorge Dávila 0-0: Ball
1-0: DOUBLE (Groundball, 5L)
William Robinson to third
Batting: SHB Rubén Valle 0-0: Ball
1-0: Called Strike
1-1: Called Strike
1-2: Fly out, F4 (Line Drive, 4)
Batting: LHB Chris White 0-0: Ball
1-0: Fly out, F7 (Line Drive, 7S)
Bottom of the 1st over - 0 run(s), 2 hit(s), 0 error(s), 2 left on base; Iowa State 0 - Alabama 0
TOP OF THE 2ND
Iowa State Cyclones batting - Pitching for Alabama Crimson Tide : RHP Hubert Chilcott
Batting: RHB Shane Marshall 0-0: Called Strike
0-1: Called Strike
0-2: Foul Ball, location: 2F
0-2: Foul Ball, location: 2F
0-2: Ball
1-2: Foul Ball, location: 2F
1-2: Foul Ball, location: 2F
1-2: Foul Ball, location: 2F
1-2: Ball
2-2: Foul Ball, location: 2F
2-2: Fly out, F7 (Flyball, 7LS)
Batting: LHB Ángel Pérez 0-0: Ball
1-0: Ball
2-0: SINGLE (Flyball, 7S)
Batting: RHB Paul Teague 0-0: Called Strike
0-1: Ground out 6-3 (Groundball, 6MS)
Ángel Pérez to second
Batting: RHB Mark Blanton 0-0: Ball
1-0: Fly out, F9 (Flyball, 9)
Top of the 2nd over - 0 run(s), 1 hit(s), 0 error(s), 1 left on base; Iowa State 0 - Alabama 0
BOTTOM OF THE 2ND
Alabama Crimson Tide batting - Pitching for Iowa State Cyclones : RHP Tim Hooper
Batting: RHB Scott Graves 0-0: Ball
1-0: Called Strike
1-1: Ball
2-1: Ball
3-1: Foul Ball, location: 2F
3-2: Reached on error, E5 (Groundball, 5S)
Batting: RHB Tommy Adams 0-0: Ball
1-0: Foul Ball, location: 2F
1-1: Ground out 4-3 (Groundball, 4)
Scott Graves to third
Batting: LHB Tom York 0-0: Ball
1-0: Ball
2-0: SINGLE (Groundball, 34D)
Scott Graves scores
Batting: RHB Jeffrey Hunter 0-0: Ball
1-0: Ball
2-0: Foul Ball, location: 2F
2-1: Ball
3-1: Foul Ball, location: 2F
3-2: Foul Ball, location: 2F
3-2: Ground out 1-3 (Groundball, 15S)
Tom York to second
Batting: RHB William Robinson 0-0: Foul Ball, location: 2F
0-1: Ball
1-1: Ball
2-1: Foul Ball, location: 2F
2-2: Ball
3-2: Ground out 4-3 (Groundball, 4S)
Bottom of the 2nd over - 1 run(s), 1 hit(s), 1 error(s), 1 left on base; Iowa State 0 - Alabama 1
TOP OF THE 3RD
Iowa State Cyclones batting - Pitching for Alabama Crimson Tide : RHP Hubert Chilcott
Batting: SHB Dan Stone 0-0: Called Strike
0-1: Ball
1-1: Called Strike
1-2: SOLO HOME RUN (Flyball, 78XD), Distance : 376 ft
Batting: RHB José Acuńa 0-0: Ground out 4-3 (Groundball, 4M)
Batting: RHB Pedro Rivera 0-0: Fly out, F8 (Flyball, 8LS)
Batting: RHB Robert Snyder 0-0: Called Strike
0-1: Ball
1-1: Swinging Strike
1-2: Ball
2-2: Ground out 5-3 (Groundball, 56S)
Top of the 3rd over - 1 run(s), 1 hit(s), 0 error(s), 0 left on base; Iowa State 1 - Alabama 1
BOTTOM OF THE 3RD
Alabama Crimson Tide batting - Pitching for Iowa State Cyclones : RHP Tim Hooper
Batting: RHB Kyle McIntyre 0-0: Ball
1-0: Called Strike
1-1: Called Strike
1-2: Foul Ball, location: 2F
1-2: Strikes out swinging
Batting: SHB Jorge Dávila 0-0: Called Strike
0-1: Fly out, F8 (Flyball, 8RM)
Batting: SHB Rubén Valle 0-0: Ball
1-0: Called Strike
1-1: SINGLE (Line Drive, 34D)
Batting: LHB Chris White 0-0: Called Strike
0-1: Reached on error, E1 (Groundball, 13S)
Rubén Valle to third
Batting: RHB Scott Graves 0-0: Called Strike
0-1: Foul Ball, location: 2F
0-2: Ball
1-2: Fly out, F7 (Flyball, 7)
Bottom of the 3rd over - 0 run(s), 1 hit(s), 1 error(s), 2 left on base; Iowa State 1 - Alabama 1
TOP OF THE 4TH
Iowa State Cyclones batting - Pitching for Alabama Crimson Tide : RHP Hubert Chilcott
Batting: LHB Mike O'Bryan 0-0: Ball
1-0: Ball
2-0: Called Strike
2-1: Ball
3-1: Base on Balls
Batting: RHB Shane Marshall 0-0: Ball
1-0: Called Strike
1-1: Ball
2-1: Grounds into double play, 1-6-3 (Groundball, 13S)
Batting: LHB Ángel Pérez 0-0: Called Strike
0-1: Ball
1-1: Ball
2-1: Ball
3-1: Base on Balls
Batting: RHB Paul Teague 0-0: Ball
1-0: Ball
2-0: Fly out, F7 (Flyball, 78M)
Top of the 4th over - 0 run(s), 0 hit(s), 0 error(s), 1 left on base; Iowa State 1 - Alabama 1
BOTTOM OF THE 4TH
Alabama Crimson Tide batting - Pitching for Iowa State Cyclones : RHP Tim Hooper
Batting: RHB Tommy Adams 0-0: Foul Ball, location: 2F
0-1: Called Strike
0-2: Foul Ball, location: 2F
0-2: Ball
1-2: Foul Ball, location: 2F
1-2: Foul Ball, location: 2F
1-2: Foul Ball, location: 2F
1-2: Ball
2-2: Ball
3-2: Foul Ball, location: 2F
3-2: Base on Balls
Batting: LHB Tom York 0-0: Called Strike
0-1: DOUBLE (Groundball, 3L)
Tommy Adams to third
Batting: RHB Jeffrey Hunter 0-0: Called Strike
0-1: Ground out 5-3 (Groundball, 2L)
Batting: RHB William Robinson 0-0: Ball
1-0: SINGLE (Flyball, 8LS)
Tommy Adams scores
Tom York to third
Runner from 3rd tries for Home, SAFE, no throw
Batting: RHB Kyle McIntyre 0-0: Ball
1-0: 2-RUN HOME RUN (Line Drive, 9LD), Distance : 323 ft
Batting: SHB Jorge Dávila 0-0: Called Strike
0-1: Ball
1-1: Ball
2-1: Foul Ball, location: 2F
2-2: Foul Ball, location: 2F
2-2: Strikes out swinging
Batting: SHB Rubén Valle 0-0: Ball
1-0: SOLO HOME RUN (Flyball, 89XD), Distance : 366 ft
Batting: LHB Chris White 0-0: Swinging Strike
0-1: Ground out 3-1 (Groundball, 3S)
Bottom of the 4th over - 5 run(s), 4 hit(s), 0 error(s), 0 left on base; Iowa State 1 - Alabama 6
TOP OF THE 5TH
Iowa State Cyclones batting - Pitching for Alabama Crimson Tide : RHP Hubert Chilcott
Batting: RHB Mark Blanton 0-0: Ball
1-0: Ball
2-0: Swinging Strike
2-1: Foul Ball, location: 2F
2-2: Strikes out swinging
Batting: SHB Dan Stone 0-0: Called Strike
0-1: Swinging Strike
0-2: Ball
1-2: Ball
2-2: Foul Ball, location: 2F
2-2: Ball
3-2: Foul Ball, location: 2F
3-2: Ground out 4-3 (Groundball, 4)
Batting: RHB José Acuńa 0-0: Ball
1-0: Called Strike
1-1: Swinging Strike
1-2: Foul Ball, location: 2F
1-2: Ball
2-2: Strikes out swinging
Top of the 5th over - 0 run(s), 0 hit(s), 0 error(s), 0 left on base; Iowa State 1 - Alabama 6
BOTTOM OF THE 5TH
Alabama Crimson Tide batting - Pitching for Iowa State Cyclones : RHP Tim Hooper
Pitching: LHP Bob Wallace
Batting: RHB Scott Graves 0-0: Called Strike
0-1: Ball
1-1: Fly out, F7 (Line Drive, 7)
Batting: RHB Tommy Adams 0-0: Ball
1-0: Called Strike
1-1: Foul Ball, location: 2F
1-2: Fly out, F8 (Flyball, 8LS)
Batting: LHB Tom York 0-0: Foul Ball, location: 2F
0-1: Foul Ball, location: 2F
0-2: Ground out 1-3 (Groundball, P)
Bottom of the 5th over - 0 run(s), 0 hit(s), 0 error(s), 0 left on base; Iowa State 1 - Alabama 6
TOP OF THE 6TH
Iowa State Cyclones batting - Pitching for Alabama Crimson Tide : RHP Hubert Chilcott
Batting: RHB Pedro Rivera 0-0: Called Strike
0-1: Foul Ball, location: 2F
0-2: Strikes out swinging
Batting: RHB Robert Snyder 0-0: Hit by Pitch
Pitching: RHP Curt Dunn
Batting: LHB Mike O'Bryan 0-0: Called Strike
0-1: Ball
1-1: Foul Ball, location: 2F
1-2: Foul Ball, location: 2F
1-2: SINGLE (Groundball, 6MD)
Robert Snyder to second
Runner from 2nd tries for 3rd, OUT!
Mike O'Bryan to second
Batting: RHB Shane Marshall 0-0: Ball
1-0: Ball
2-0: Ball
3-0: Base on Balls
Batting: LHB Ángel Pérez Pickoff Throw to Second - Out!
Top of the 6th over - 0 run(s), 1 hit(s), 0 error(s), 0 left on base; Iowa State 1 - Alabama 6
BOTTOM OF THE 6TH
Alabama Crimson Tide batting - Pitching for Iowa State Cyclones : LHP Bob Wallace
Batting: RHB Jeffrey Hunter 0-0: Swinging Strike
0-1: Ball
1-1: Ball
2-1: Ground out 4-3 (Groundball, 34)
Batting: RHB William Robinson 0-0: Swinging Strike
0-1: Ball
1-1: Foul Ball, location: 2F
1-2: Strikes out swinging, 2-3 out at first.
Batting: RHB Kyle McIntyre 0-0: Swinging Strike
0-1: Ground out 5-3 (Groundball, 56)
Bottom of the 6th over - 0 run(s), 0 hit(s), 0 error(s), 0 left on base; Iowa State 1 - Alabama 6
TOP OF THE 7TH
Iowa State Cyclones batting - Pitching for Alabama Crimson Tide : RHP Curt Dunn
Batting: LHB Ángel Pérez 0-0: Called Strike
0-1: Foul Ball, location: 2F
0-2: SINGLE (Line Drive, 4MD)
Batting: RHB Paul Teague 0-0: Swinging Strike
0-1: Ball
1-1: Foul Ball, location: 2F
1-2: Foul Ball, location: 2F
1-2: Foul Ball, location: 2F
1-2: Ball
2-2: Strikes out swinging
Batting: RHB Mark Blanton 0-0: Called Strike
0-1: Single, Error in OF, E7, batter to second base
Ángel Pérez to third
Batting: SHB Dan Stone 0-0: Ball
1-0: Ball
2-0: Foul Ball, location: 2F
2-1: Foul Ball, location: 2F
2-2: Ball
3-2: 3-RUN HOME RUN (Flyball, 9D), Distance : 360 ft
Pitching: LHP Adam Patrick
Batting: RHB José Acuńa 0-0: DOUBLE (Line Drive, 78M)
Batting: RHB Pedro Rivera 0-0: Ball
1-0: Called Strike
1-1: Fly out, F7 (Flyball, 7S)
Batting: RHB Robert Snyder 0-0: Ground out 6-3 (Groundball, 6)
Top of the 7th over - 3 run(s), 4 hit(s), 1 error(s), 1 left on base; Iowa State 4 - Alabama 6
BOTTOM OF THE 7TH
Alabama Crimson Tide batting - Pitching for Iowa State Cyclones : LHP Bob Wallace
Batting: SHB Jorge Dávila 0-0: Ball
1-0: Ball
2-0: Ball
3-0: Base on Balls
Batting: SHB Rubén Valle 0-0: Called Strike
0-1: Ball
1-1: Foul Ball, location: 2F
1-2: Foul Ball, location: 2F
1-2: Strikes out swinging
Batting: LHB Chris White 0-0: Ball
Jorge Dávila is caught stealing 2nd base
1-0: Called Strike
1-1: SINGLE (Line Drive, 3S)
Batting: RHB Scott Graves 0-0: Called Strike
0-1: Ball
1-1: Ball
2-1: SINGLE (Groundball, 4MD)
Chris White to second
Batting: RHB Tommy Adams 0-0: Ball
1-0: Called Strike
1-1: Foul Ball, location: 2F
1-2: SINGLE (Flyball, 89S)
Chris White to third
Scott Graves to second
Runner from 3rd tries for Home, SAFE, no throw
Batting: LHB Tom York 0-0: Ground out U3 (Groundball, 3)
Bottom of the 7th over - 1 run(s), 3 hit(s), 0 error(s), 2 left on base; Iowa State 4 - Alabama 7
TOP OF THE 8TH
Iowa State Cyclones batting - Pitching for Alabama Crimson Tide : LHP Adam Patrick
Batting: LHB Mike O'Bryan 0-0: Ball
1-0: Called Strike
1-1: Foul Ball, location: 2F
1-2: Strikes out swinging
Batting: RHB Shane Marshall 0-0: Called Strike
0-1: Ball
1-1: Ball
2-1: Ball
3-1: Foul Ball, location: 2F
3-2: SOLO HOME RUN (Flyball, 89XD), Distance : 376 ft
Batting: LHB Ángel Pérez 0-0: Swinging Strike
0-1: Ground out 3-1 (Groundball, 34)
Batting: RHB Paul Teague 0-0: Called Strike
0-1: Ball
1-1: Ball
2-1: Ball
3-1: Foul Ball, location: 2F
3-2: Foul Ball, location: 2F
3-2: Base on Balls
Pitching: RHP Mark Gibson
Batting: RHB Mark Blanton 0-0: Ball
1-0: Fly out, F3 (Line Drive, 3)
Top of the 8th over - 1 run(s), 1 hit(s), 0 error(s), 1 left on base; Iowa State 5 - Alabama 7
BOTTOM OF THE 8TH
Alabama Crimson Tide batting - Pitching for Iowa State Cyclones : LHP Bob Wallace
Batting: RHB Jeffrey Hunter 0-0: Swinging Strike
0-1: Swinging Strike
0-2: Ball
1-2: Foul Ball, location: 2F
1-2: SINGLE (Line Drive, 78S)
Batting: RHB William Robinson 0-0: Ball
1-0: Ball
2-0: Ball
Jeffrey Hunter steals 2nd base
3-0: Intentional Walk
Batting: RHB Kyle McIntyre 0-0: Sac Bunt - play at first, batter OUT! 2-3
Jeffrey Hunter to third
William Robinson to second
Batting: SHB Jorge Dávila 0-0: Intentional Walk
Batting: SHB Rubén Valle 0-0: Swinging Strike
0-1: Ball
1-1: Foul Ball, location: 2F
1-2: Ball
2-2: Grounds into fielders choice 6-2 (Groundball, 6M)
William Robinson to third
Jorge Dávila to second
Pitching: RHP Glen Davis
Batting: LHB Chris White 0-0: Swinging Strike
0-1: Ball
1-1: Called Strike
1-2: Ball
2-2: Ball
3-2: Foul Ball, location: 2F
3-2: Base on Balls
William Robinson scores
Jorge Dávila to third
Rubén Valle to second
Batting: RHB Scott Graves 0-0: Ball
1-0: Foul Ball, location: 2F
1-1: Swinging Strike
1-2: Ball
2-2: Foul Ball, location: 2F
2-2: Ball
3-2: Base on Balls
Jorge Dávila scores
Rubén Valle to third
Chris White to second
Batting: RHB Tommy Adams 0-0: Fly out, F8 (Flyball, 8RM)
Bottom of the 8th over - 2 run(s), 1 hit(s), 0 error(s), 3 left on base; Iowa State 5 - Alabama 9
TOP OF THE 9TH
Iowa State Cyclones batting - Pitching for Alabama Crimson Tide : RHP Mark Gibson
Batting: SHB Dan Stone 0-0: Called Strike
0-1: SOLO HOME RUN (Flyball, 7D), Distance : 353 ft
Pitching: LHP Dave Hughes
Batting: RHB José Acuńa 0-0: Ball
1-0: Foul Ball, location: 2F
1-1: Ball
2-1: Ball
3-1: Foul Ball, location: 2F
3-2: Strikes out swinging
Batting: RHB Pedro Rivera 0-0: SINGLE (Line Drive, 8LS)
Batting: RHB Robert Snyder 0-0: Ball
1-0: Ball
2-0: Ball
3-0: Base on Balls
Pedro Rivera to second
Batting: LHB Mike O'Bryan 0-0: Called Strike
0-1: Called Strike
0-2: Ball
1-2: Ball
2-2: Strikes out swinging
Batting: RHB Shane Marshall 0-0: Ball
1-0: Ball
2-0: Called Strike
2-1: Ball
3-1: Called Strike
3-2: Foul Ball, location: 2F
3-2: Foul Ball, location: 2F
3-2: Base on Balls
Pedro Rivera to third
Robert Snyder to second
Batting: LHB Ángel Pérez 0-0: Ball
1-0: Swinging Strike
1-1: Swinging Strike
1-2: Ball
2-2: Foul Ball, location: 2F
2-2: SINGLE (Line Drive, 89S)
Pedro Rivera scores
Robert Snyder to third
Shane Marshall to second
Runner from 3rd tries for Home, SAFE, no throw
Pitching: LHP Tim Bowles
Pinch Hitting: SHB Jim Graves 0-0: Ball
1-0: Called Strike
1-1: Foul Ball, location: 2F
1-2: Ball
2-2: Foul Ball, location: 2F
2-2: Foul Ball, location: 2F
2-2: Strikes out looking
Top of the 9th over - 3 run(s), 3 hit(s), 0 error(s), 2 left on base; Iowa State 8 - Alabama 9
Thursday, March 30th, 2017 - OOTP Baseball 17.12 Build 75